 Dungeon Crawl Stone Soup version 0.30-a0-622-gddc90eaa04 (webtiles) character file.

Game seed: 11193544913449393564

111 Leeroy the Slasher (level 4, -2/33 HPs)
             Began as a Merfolk Gladiator on Jan 10, 2023.
             Slain by a gnoll
             ... wielding a +0 whip
              (6 damage)
             ... on level 3 of the Dungeon.
             The game lasted 00:02:10 (2004 turns).

Leeroy the Slasher (Merfolk Gladiator)              Turns: 2004, Time: 00:02:11

Health: -2/33      AC:  5    Str: 14    XL:     4   Next: 92%
Magic:  4/4        EV: 13    Int:  7    God:
Gold:   114        SH:  0    Dex: 17    Spells: 3/3 levels left

rFire   . . .      SeeInvis .    a - +0 long sword
rCold   . . .      Faith    +    (no shield)
rNeg    . . .      Spirit   .    b - +0 leather armour
rPois   .          Reflect  .    c - +0 helmet
rElec   .          Harm     .    r - +0 cloak
rCorr   .          Rampage  .    (no gloves)
Will    +....                    (no boots)
Stlth   +                        k - amulet of faith
HPRegen 0.25/turn                j - ring of willpower
MPRegen 0.09/turn                (no ring)

@: no status effects
A: (nimble swimmer 2), mertail
a: no special abilities


You were on level 3 of the Dungeon.
You visited 1 branch of the dungeon, and saw 3 of its levels.

You collected 114 gold pieces.

Inventory:

Hand Weapons
 a - a +0 long sword (weapon)
 o - a +1 dagger of electrocution
Missiles
 d - 3 throwing nets (quivered)
 e - a javelin
 i - 3 poisoned darts
Armour
 b - a +0 leather armour (worn)
 c - a +0 helmet (worn)
 r - a +0 cloak (worn)
Jewellery
 j - a ring of willpower (left hand)
 k - an amulet of faith (around neck)
Scrolls
 g - a scroll of enchant armour {unknown}
 h - 2 scrolls of immolation {unknown}
 l - a scroll of vulnerability {unknown}
 m - a scroll of fear {unknown}
 q - 2 scrolls of teleportation {unknown}
 s - 2 scrolls of identify {unknown}
 t - 2 scrolls of blinking {unknown}
 u - a scroll of butterflies {unknown}
 w - a scroll of magic mapping {unknown}
Potions
 f - 2 potions of flight {unknown}
 n - a potion of ambrosia {unknown}
 p - a potion of brilliance {unknown}
 v - 2 potions of might {unknown}


   Skills:
 - Level 2.1 Fighting
 + Level 6.2 Long Blades
 - Level 2.6 Throwing
 - Level 4.0 Dodging


You had 3 spell levels left.
You didn't know any spells.
Your spell library contained the following spells:

 Spells                   Type           Power      Damage    Failure   Level
 Shock                    Conj/Air       0%         1d3       52%         1
 Swiftness                Air            0%         N/A       87%         3
 Vhi's Electric Charge    Tloc/Air       0%         N/A       87%         3
 Airstrike                Air            0%         2d(0-16)  99%         4
 Arcjolt                  Conj/Air       0%         1d10      100%        5
 Maxwell's Capacitive Co  Air            0%         ∞         100%        8


Dungeon Overview and Level Annotations

Branches:
Dungeon (3/15)

Altars:
Xom


Innate Abilities, Weirdness & Mutations

((You are very nimble when in or above water. (Stealth+, EV+, Speed+++)))
Your lower body shifts to a powerful aquatic tail in water.


Message History

There is a large open door here.
You slash the gnoll!
The gnoll is severely wounded.
The gnoll barely misses you.
You hit the gnoll but do no damage.
The gnoll is severely wounded.
The gnoll hits you with a +0 club.
* * * LOW HITPOINT WARNING * * *
You closely miss the gnoll.
The gnoll is severely wounded.
The gnoll misses you.
You hit the gnoll.
You kill the gnoll!
Your Long Blades skill increases to level 6!
You barely miss the gnoll. You completely miss the gnoll.
The gnoll is lightly wounded.
You barely miss the gnoll.
The gnoll is lightly wounded.
The gnoll closely misses you.
You barely miss the gnoll.
The gnoll is lightly wounded.
The gnoll hits you with a +0 flail.
* * * LOW HITPOINT WARNING * * *
You hit the gnoll.
The gnoll is moderately wounded.
The gnoll barely misses you.
You slash the gnoll!
You kill the gnoll!
The gnoll barely misses you.
You hit the gnoll.
The gnoll is moderately wounded.
The gnoll hits you but does no damage.
You barely miss the gnoll.
The gnoll is moderately wounded.
The gnoll closely misses you.
You hit the gnoll.
The gnoll is severely wounded.
The gnoll hits you with a +0 whip.
You die...

#..........# #..........#
#..........# #######
#..........# #......
#..........# #......
##..........##### #......
#..........†#...
#......##...........#.###
+$.....g@................
#......##.....#######.###
#...... #.......# #.# #
#...... #.......# #.###
#...... #.......# #...#
#...... #####...# ###.#
####### ...# #..
...######### #........


You could see a gnoll.

Vanquished Creatures
  3 adders
  2 gnolls (D:3)
  2 dart slugs
  3 bats (D:1)
  7 endoplasms
  3 giant cockroaches
  5 goblins
  7 hobgoblins
  6 jackals
  2 quokkas
  6 ball pythons
  6 frilled lizards
  2 kobolds
  4 rats
58 creatures vanquished.

Notes
Turn   | Place    | Note
-------+----------+-------------------------------------------
     0 | D:1      | Leeroy the Merfolk Gladiator began the quest for the Orb.
     0 | D:1      | Reached XP level 1. HP: 16/16 MP: 1/1
    41 | D:1      | Reached skill level 4 in Long Blades
    98 | D:1      | Reached XP level 2. HP: 22/22 MP: 2/2
   387 | D:1      | Reached XP level 3. HP: 27/27 MP: 3/3
   765 | D:2      | Reached skill level 5 in Long Blades
  1065 | D:2      | Reached XP level 4. HP: 19/33 MP: 4/4
  1536 | D:2      | Found a shimmering altar of Xom.
  1996 | D:3      | Reached skill level 6 in Long Blades
  2004 | D:3      | Slain by a gnoll

Illustrated notes

Levels and vault maps discovered:
D:1:      ebering_trefoil_3fold, layout_rooms, serial_park_tiny_pond
D:2:      layout_basic, basic_altar
D:3:      layout_basic

Skill      XL: |  1  2  3  4 |
---------------+-------------+-----
Long Blades    | 4 5 6 |  6.2
Fighting       | |  2.1
Throwing       | |  2.6
Dodging        | |  4.0

Action                   |  1- 3 |  4- 6 || total
-------------------------+-------+-------++-------
Melee: Long sword        |   113 |    65 ||   178
 Stab: Sleeping          |     2 |     1 ||     3
Armor: Leather armour    |    33 |    15 ||    48
Dodge: Dodged            |    78 |    43 ||   121

Table legend: (Time is in decaauts)
 A = Elapsed time spent in this place.
 B = Non-inter-level travel time spent in this place.
 C = Inter-level travel time spent in this place.
 D = Time resting spent in this place.
 E = Time spent auto-exploring this place.
 F = Levels seen in this place.
 G = Mean time per level.
                   A        B        C        D        E       F      G
               +--------+--------+--------+--------+--------+-----+--------+
         Total |   2029 |   1984 |     45 |      0 |   1533 |   3 |  676.3 |
       Dungeon |   2029 |   1984 |     45 |      0 |   1533 |   3 |  676.3 |
               +--------+--------+--------+--------+--------+-----+--------+

Top non-repeatable levels by time:
     D:2: 1171 daAuts
     D:1: 506 daAuts
     D:3: 350 daAuts
